 Dungeon Crawl Stone Soup version 0.20.0-15-g7f486f2 (webtiles) character file.

340 asdasd2 the Covered (level 6, 0/57 HPs)
             Began as a Minotaur Fighter on June 10, 2017.
             Was an Initiate of Okawaru.
             Succumbed to a kobold's poison
             ... on level 3 of the Dungeon.
             The game lasted 00:02:46 (2038 turns).

asdasd2 the Covered (Minotaur Fighter)              Turns: 2038, Time: 00:02:48

Health: 0/57       AC: 15    Str: 23    XL:     6   Next: 30%
Magic:  5/5        EV:  4    Int:  5    God:    Okawaru [......]
Gold:   70         SH:  9    Dex:  9    Spells: 5/5 levels left

rFire    . . .     SeeInvis .   a - +0 war axe
rCold    . . .     Gourm    .   c - +0 shield
rNeg     + . .     Faith    .   e - +0 plate armour
rPois    .         Spirit   .   (helmet restricted)
rElec    .         Reflect  .   g - +0 cloak
rCorr    .         Harm     .   m - +0 pair of gloves
MR       .....     Rnd*Tele +   (no boots)
Stlth    ..........             (no amulet)
Regen    0.2/turn               k - ring of teleportation (curse)
MPRegen  0.1/turn               i - ring of positive energy

@: lethally poisoned (0 -> -11)
A: retaliatory headbutt, horns 2
a: Renounce Religion


You were on level 3 of the Dungeon.
You worshipped Okawaru.
Okawaru was noncommittal.
You were not hungry.

You visited 1 branch of the dungeon, and saw 3 of its levels.

You collected 70 gold pieces.

Inventory:

Hand Weapons
 a - a +0 war axe (weapon)
Armour
 b - a +0 scale mail
 c - a +0 shield (worn)
 e - a +0 plate armour (worn)
 g - a +0 cloak (worn)
 j - +0 fire dragon scales
 m - a +0 pair of gloves (worn)
Jewellery
 i - a ring of positive energy (right hand)
 k - a cursed ring of teleportation (left hand)
Potions
 d - a potion of might
 l - a potion of heal wounds {unknown}
 o - a potion of haste
 p - 3 potions of agility {unknown}
 q - a potion of brilliance {unknown}
Books
 n - a book of Maledictions

   Spells                             Type                      Level
   a - Corona                         Hexes                        1
   b - Ensorcelled Hibernation        Hexes/Ice                    2
   c - Confuse                        Hexes                        3
   d - Tukima's Dance                 Hexes                        3
   e - Dazzling Spray                 Conjuration/Hexes            3
Comestibles
 f - 4 bread rations


   Skills:
 * Level 5.8 Fighting
 + Level 4.6 Axes
 + Level 5.9 Armour
 + Level 0.7 Dodging
 - Level 3.6 Shields


You had 5 spell levels left.
You didn't know any spells.

Dungeon Overview and Level Annotations

Branches:
Dungeon (3/15)

Altars:
Nemelex Xobeh
Okawaru
Xom


Innate Abilities, Weirdness & Mutations

You reflexively headbutt those who attack you in melee.
You have a pair of horns on your head.


Message History

The orc priest miscasts a cantrip.
The rat bites you but does no damage. You block the orc's attack.
The kobold shoots a poisoned needle.
The poisoned needle hits you!
You are more poisoned.
Unknown command.
You slash the orc!
You kill the orc!
Okawaru accepts your kill.
Your plate armour prevents you from hitting the rat.
You hit the leopard gecko.
You kill the leopard gecko!
Okawaru accepts your kill.
* * * LOW HITPOINT WARNING * * *
You feel sick. The bat hits you but does no damage. You block the rat's attack.
The bat hits you but does no damage.
Unknown command.
Your shield and plate armour prevent you from hitting the orc priest.
You barely miss the rat. You hit the bat but do no damage.
You closely miss the kobold.
You die...

###.....
......#
#.....#
#.....#
#.....#
#.....#
#...r.#
#..b@)#
#..†Ko#
.......o$K.
.....###.oo..
..... .......
.### .....).
.......
.%.....


You could see an orc priest, an orc wizard, 2 orcs, a bat, 2 kobolds and a rat.

Vanquished Creatures
  Sigmund (D:2)
  An orc priest (D:3)
  An orc wizard (D:3)
  Terence (D:2)
  Robin (D:2)
  4 adders
  2 leopard geckos
  3 orcs (D:3)
  5 bats
  A giant cockroach (D:1)
  16 goblins
  4 hobgoblins (D:2)
  5 jackals (D:2)
  2 quokkas (D:2)
  5 frilled lizards
  4 kobolds
  5 rats
61 creatures vanquished.

Notes
Turn   | Place    | Note
-------+----------+-------------------------------------------
     0 | D:1      | asdasd2 the Minotaur Fighter began the quest for the Orb.
     0 | D:1      | Reached XP level 1. HP: 19/19 MP: 0/0
   387 | D:1      | Reached XP level 2. HP: 27/27 MP: 1/1
   898 | D:2      | Reached XP level 3. HP: 25/34 MP: 2/2
  1049 | D:2      | Noticed Sigmund
  1058 | D:2      | Killed Sigmund
  1058 | D:2      | Reached skill level 5 in Fighting
  1058 | D:2      | Reached skill level 5 in Armour
  1058 | D:2      | Reached XP level 4. HP: 37/42 MP: 3/3
  1058 | D:2      | Reached XP level 5. HP: 42/48 MP: 4/4
  1430 | D:2      | Found a sparkling altar of Nemelex Xobeh.
  1494 | D:2      | Found a shimmering altar of Xom.
  1494 | D:2      | Found an iron altar of Okawaru.
  1612 | D:2      | Became a worshipper of Warmaster Okawaru
  1713 | D:2      | Noticed Terence
  1724 | D:2      | Killed Terence
  1736 | D:2      | Noticed Robin
  1756 | D:2      | Killed Robin
  2030 | D:3      | Reached XP level 6. HP: 41/57 MP: 5/5
  2037 | D:3      | HP: 2/57 [poisoned by a kobold]
  2038 | D:3      | Succumbed to a kobold's poison

Skill      XL: |  1  2  3  4  5 |
---------------+----------------+-----
Fighting       | 4 5 |  5.8
Armour         | 4 5 |  5.9
Axes           | 3 4 |  4.6
Dodging        | |  0.7
Shields        | |  3.6

Action                   |  1- 3 |  4- 6 || total
-------------------------+-------+-------++-------
Melee: War axe           |    51 |   111 ||   162
       Headbutt          |     6 |    15 ||    21
  Use: Scroll            |     2 |     4 ||     6
       Potion            |       |     1 ||     1
  Eat: Chunk             |       |     4 ||     4
Armor: Plate armour      |    39 |    94 ||   133
       Scale mail        |     3 |       ||     3
Dodge: Dodged            |    11 |    29 ||    40
Block: Shield            |    28 |    88 ||   116
